 Dungeon Crawl Stone Soup version 0.29.1-1-gd02db6906a (webtiles) character file.

Game seed: 8479391924457707944

39 fireball365 the Digger (level 3, -3/26 HPs)
             Began as a Demigod Earth Elementalist on Oct 5, 2022.
             Slain by Terence
             ... wielding a +0 trident
              (8 damage)
             ... on level 2 of the Dungeon.
             The game lasted 00:04:44 (822 turns).

fireball365 the Digger (Demigod Earth Elementalist)  Turns: 822, Time: 00:04:45

Health: -3/26      AC:  2    Str:  9    XL:     3   Next: 11%
Magic:  9/9        EV: 12    Int: 21    God:
Gold:   94         SH:  0    Dex: 14    Spells: 5/6 levels left

rFire   . . .      SeeInvis .   e - +0 short sword
rCold   . . .      Faith    .   (no shield)
rNeg    . . .      Spirit   .   a - +0 robe
rPois   .          Reflect  .   (no helmet)
rElec   .          Harm     .   (no cloak)
rCorr   +          Rampage  .   (no gloves)
Will    .....                   (no boots)
Stlth   ++........              (no amulet)
HPRegen 0.08/turn               c - ring of resist corrosion
MPRegen 0.11/turn               (no ring)

@: no status effects
A: high MP 1, forlorn, divine attributes
a: no special abilities


You were on level 2 of the Dungeon.
You visited 1 branch of the dungeon, and saw 2 of its levels.

You collected 94 gold pieces.

Inventory:

Hand Weapons
 e - a +0 short sword (weapon)
Missiles
 f - 4 stones
Armour
 a - a +0 robe (worn)
Jewellery
 c - a ring of resist corrosion (left hand)
Scrolls
 g - 2 scrolls of enchant weapon {unknown}
 k - a scroll of enchant armour {unknown}
 m - a scroll of magic mapping {unknown}
 n - a scroll of identify {unknown}
Potions
 d - a potion of degeneration {unknown}
 h - 2 potions of mutation {unknown}
 i - a potion of curing {unknown}
 j - 2 potions of might {unknown}
 l - 2 potions of lignification {unknown}


   Skills:
 + Level 1.8 Dodging
 + Level 2.0 Stealth
 + Level 2.3 Spellcasting
 + Level 0.8 Transmutations
 + Level 3.5 Earth Magic


You had 5 spell levels left.
You knew the following spells:

 Your Spells              Type           Power      Damage    Failure   Level
a - Sandblast             Erth           34%        2d9       3%          1

Your spell library contained the following spells:

 Spells                   Type           Power      Damage    Failure   Level
 Passwall                 Tmut/Erth      9%         N/A       9%          2
 Stone Arrow              Conj/Erth      18%        3d8       22%         3
 Petrify                  Tmut/Erth      11%        N/A       50%         4


Dungeon Overview and Level Annotations

Branches:
Dungeon (2/15)

Annotations:
D:2 Terence


Innate Abilities, Weirdness & Mutations

You have an increased reservoir of magic. (+10% MP)
You shall have no god before yourself.
Your divine heritage dramatically boosts your attributes as you level up.


Message History

You kill the ball python!
The blast of sand hits the giant cockroach!
You kill the giant cockroach!
n - a scroll labelled KOUZEBUYXT You now have 94 gold pieces (gained 19).
Found 8 gold pieces.
Found a bone ring.
f - 4 stones (gained 2) Terence the Incautious comes into view.
He is wielding a +0 trident.
Terence shouts!
An endoplasm comes into view.
You see here 8 gold pieces.
The blast of sand hits Terence but does no damage.
Terence barely misses you.
Terence hits you from afar with a +0 trident.
The blast of sand hits Terence but does no damage.
Terence closely misses you. Terence misses you.
Terence hits you from afar with a +0 trident.
The endoplasm hits you.
The blast of sand hits the endoplasm!
You kill the endoplasm!
Terence hits you from afar with a +0 trident!
* * * LOW HITPOINT WARNING * * *
Terence misses you.
You are too injured to fight recklessly!
You are too injured to fight recklessly!
You are too injured to fight recklessly!
You are too injured to fight recklessly!
Casting: Sandblast (safe; 3% risk of failure)
Confirm with . or Enter, or press ? or * to list all spells.
Aiming: Sandblast (safe; 3% risk of failure)
Press: ? - help, Shift-Dir - straight line, f - Terence
Aim: Terence, wielding a +0 trident and wearing a +0 chain mail (87% to hit)
The blast of sand hits Terence but does no damage.
Terence hits you from afar with a +0 trident.
* * * LOW HITPOINT WARNING * * *
Magic courses through your body.
Terence hits you from afar with a +0 trident!
You die...

.## #####..# ....
...####>.....###†.#
.#...#........##..#
...............#.)#
#..........#..#
#............<#
#..........##...
####..........###..
##.@............. ..
#$.###..............
#...@##...........####
....................##
.....#...##..........#
.........##..........
.....#....#.=........
.....#..............
.... ......


You could see Terence.

Vanquished Creatures
  A worm (D:1)
  3 dart slugs
  3 bats (D:1)
  5 endoplasms
  2 giant cockroaches
  A hobgoblin (D:1)
  A kobold (D:1)
  3 quokkas (D:1)
  3 ball pythons
  2 goblins
  2 rats (D:1)
26 creatures vanquished.

Notes
Turn   | Place    | Note
-------+----------+-------------------------------------------
     0 | D:1      | fireball365 the Demigod Earth Elementalist began the quest
                  | for the Orb.
     0 | D:1      | Reached XP level 1. HP: 14/14 MP: 5/5
   132 | D:1      | Reached XP level 2. HP: 9/20 MP: 1/7
   244 | D:1      | Reached skill level 3 in Earth Magic
   779 | D:2      | Reached XP level 3. HP: 26/26 MP: 3/9
   811 | D:2      | Noticed Terence
   822 | D:2      | Slain by Terence

Illustrated notes

Levels and vault maps discovered:
D:1:      onia_arrival_pyramid, layout_basic, nicolae_wormholes
D:2:      layout_rooms, dreamdust_ecumenical_altar_drowned_temple, basic_altar,
          roderic_roman_lattice, uniq_terence

Skill      XL: |  1  2 |
---------------+-------+-----
Spellcasting   | 2 |  2.3
Earth Magic    | 3 |  3.5
Stealth        | 2 |  2.0
Dodging        | |  1.8
Transmutations | |  0.8

Action                   || total
-------------------------++-------
Melee: Short sword       ||     2
       Unarmed           ||     1
 Cast: Sandblast         ||    46
  Use: Potion            ||     1
Armor: Robe              ||     5
Dodge: Dodged            ||    28
